Map: Golden Wall LE

Players

Leo - Winner!

  • Race: Protoss Protoss
  • League: Silver
  • Spawn Location: 7:00

JohnnyV

  • Race: Terran Terran
  • League: Bronze
  • Spawn Location: 5:00

VOD

Have the link to the VOD?

Description

Time

  • Played on: April 30, 2020, 2:54 p.m.
  • Length: 17:08
Show
View Real Time Build Order
Export as new Build Order

Leo Protoss - Winner!

Build Orders: Colossus Rush 

Get SALT Encoding   

  12  0:01  Probe (Chrono Boost)  
  13  0:10  Probe (Chrono Boost)  
  14  0:18  Pylon  
  15  0:21  Probe  
  15  0:36  Probe  
  15  0:37  Gateway  
  16  0:48  Probe, Assimilator  
  17  0:56  Assimilator  
  17  1:00  Probe  
  18  1:12  Probe (Chrono Boost)  
  19  1:22  Probe (Chrono Boost)  
  20  1:26  Cybernetics Core  
  20  1:27  Probe (Chrono Boost)  
  20  1:28  Pylon  
  21  1:38  Probe  
  22  1:50  Probe  
  23  2:02  Probe, Stalker (Chrono Boost)  
  23  2:04  Warp Gate  
  26  2:10  Robotics Facility  
  26  2:15  Probe  
  27  2:30  Probe  
  27  2:36  Pylon  
  28  2:42  Probe  
  29  2:44  Pylon  
  29  2:54  Probe  
  30  3:00  Immortal  
  34  3:06  Probe  
  34  3:09  Gateway  
  35  3:17  Gateway  
  35  3:18  Probe (Chrono Boost)  
  36  3:30  Probe (Chrono Boost), Robotics Bay  
  37  3:35  Probe (Chrono Boost), Pylon  
  37  3:39  Observer  
  39  3:44  Probe  
  40  3:57  Probe  
  40  4:00  Stalker  
  43  4:06  Observer  
  43  4:09  Probe  
  45  4:11  Forge  
  45  4:16  Stalker  
  47  4:21  Probe  
  47  4:22  Stalker  
  50  4:27  Observer  
  51  4:33  Probe  
  51  4:35  Stalker  
  54  4:44  Shield Battery  
  54  4:45  Probe  
  55  4:47  Photon Cannon  
  55  4:52  Photon Cannon  
  55  4:57  Extended Thermal Lance  
  55  4:59  Pylon  
  55  5:00  Pylon  
  55  5:04  Pylon  
  55  5:18  Colossus (Chrono Boost)  
  61  5:33  Stalker  
  63  5:42  Probe  
  64  5:54  Probe  
  65  6:01  Gateway  
  65  6:06  Probe  
  66  6:13  Stalker  
  66  6:14  Stalker x2  
  66  6:18  Probe  
  73  6:30  Probe  
  74  6:39  Stalker x2  
  71  7:09  Colossus  
  71  7:27  Nexus  
  71  7:31  Assimilator  
  71  7:32  Pylon  
  71  7:34  Pylon  
  71  7:37  Assimilator  
  71  7:51  Photon Cannon  
  71  7:52  Shield Battery  
  71  8:00  Pylon  
  70  8:07  Stalker  
  70  8:08  Stalker  
  67  8:29  Probe (Chrono Boost)  
  69  8:42  Probe (Chrono Boost)  
  69  8:51  Photon Cannon  
  69  8:57  Assimilator  
  68  9:05  Stargate  
  68  9:07  Probe (Chrono Boost)  
  69  9:16  Probe (Chrono Boost)  
  71  9:25  Probe (Chrono Boost)  
  71  9:29  Probe (Chrono Boost)  
  72  9:37  Probe (Chrono Boost)  
  74  9:40  Probe (Chrono Boost)  
  74  9:44  Probe (Chrono Boost)  
  75  9:46  Probe (Chrono Boost)  
  75  9:49  Probe  
  77  9:56  Void Ray (Chrono Boost)  
  77  9:59  Probe (Chrono Boost)  
  82  10:02  Probe (Chrono Boost)  
  83  10:11  Probe (Chrono Boost)  
  83  10:12  Probe (Chrono Boost)  
  85  10:17  Probe  
  85  10:20  Probe  
  87  10:29  Probe  
  87  10:32  Probe  
  89  10:36  Void Ray (Chrono Boost)  
  89  10:41  Probe  
  94  10:44  Probe  
  94  10:46  Observer  
  94  10:49  Stalker x2  
  100  10:50  Stalker  
  102  11:07  Observer  
  102  11:08  Nexus  
  101  11:29  Observer  
  101  11:31  Pylon  
  102  11:40  Pylon  
  102  11:44  Assimilator  
  102  11:45  Void Ray  
  106  11:50  Pylon, Observer  
  107  11:59  Twilight Council  
  107  12:02  Photon Cannon  
  107  12:05  Photon Cannon  
  107  12:08  Shield Battery  
  107  12:11  Photon Cannon, Observer  
  109  12:15  Probe (Chrono Boost)  
  110  12:23  Probe (Chrono Boost)  
  110  12:26  Probe (Chrono Boost)  
  106  12:31  Probe (Chrono Boost)  
  106  12:33  Probe (Chrono Boost), Stalker  
  106  12:34  Stalker x3  
  106  12:36  Probe (Chrono Boost)  
  99  12:42  Probe  
  89  12:47  Probe  
  84  12:53  Pylon  
  84  12:54  Probe  
  85  12:59  Probe  
  85  13:04  Charge  
  86  13:05  Fleet Beacon  
  86  13:08  Dark Shrine  
  86  13:20  Colossus  
  92  13:27  Photon Cannon  
  92  13:29  Photon Cannon  
  92  13:31  Probe (Chrono Boost)  
  92  13:33  Stalker  
  92  13:34  Stalker x3  
  97  13:36  Void Ray  
  97  13:41  Probe (Chrono Boost)  
  106  13:45  Probe (Chrono Boost)  
  107  13:54  Pylon, Flux Vanes  
  107  13:57  Probe  
  107  13:58  Stalker x3  
  107  13:59  Stalker  
  116  14:09  Probe  
  117  14:14  Colossus  
  117  14:15  Pylon  
  104  14:27  Dark Templar x3  
  104  14:28  Dark Templar  
  96  14:45  Void Ray  
  92  14:56  Pylon  
  92  15:04  Pylon  
  92  15:12  Gateway x2  
  92  15:14  Gateway  
  92  15:16  Gateway  
  92  15:19  Gateway  
  92  15:20  Gateway  
  92  15:21  Gateway  
  92  15:36  Stalker x2  
  92  15:37  Stalker x2  
  92  15:38  Void Ray  
  92  15:42  Stargate  
  104  15:43  Stargate  
  104  15:56  Robotics Facility  
  104  16:00  Colossus  
  110  16:17  Zealot x3  
  110  16:18  Zealot x2  
  120  16:21  Void Ray, Pylon  
  120  16:22  Probe (Chrono Boost)  
  125  16:28  Nexus  
  125  16:31  Probe (Chrono Boost)  
  125  16:32  Stalker x3  
  130  16:33  Stalker x3  
  130  16:36  Probe (Chrono Boost)  
  139  16:48  Probe  
  146  16:56  Zealot x2  
  146  16:57  Zealot x5  
  146  16:58  Zealot x3  
Show
View Real Time Build Order
Export as new Build Order

JohnnyV Terran 

Build Orders: Liberator Opening 

Get SALT Encoding   

  12  0:01  SCV  
  13  0:17  SCV, Supply Depot  
  14  0:29  SCV  
  15  0:36  Refinery  
  15  0:41  Barracks  
  15  0:45  SCV  
  16  0:57  SCV  
  17  1:09  SCV  
  17  1:10  Supply Depot  
  18  1:21  SCV  
  19  1:26  Barracks  
  19  1:31  Reaper  
  20  1:33  SCV  
  21  1:44  Refinery  
  21  2:04  Orbital Command  
  21  2:15  Barracks Reactor  
  21  2:17  Factory  
  22  2:34  Barracks Tech Lab  
  19  2:50  SCV  
  20  3:00  Starport  
  20  3:01  Marine  
  20  3:03  Combat Shield  
  21  3:05  Marine x2  
  21  3:11  Factory Tech Lab  
  23  3:20  Supply Depot  
  23  3:22  SCV  
  23  3:24  Marauder  
  26  3:27  Marine x2  
  26  3:34  Supply Depot  
  28  3:49  Siege Tank  
  28  3:53  Liberator  
  34  4:02  Supply Depot  
  34  4:05  Marauder, Marine  
  34  4:06  Marine  
  38  4:26  Marauder, Siege Tank  
  38  4:27  Marine x2  
  45  4:44  Viking  
  47  4:47  Marine x2  
  47  4:49  Marauder  
  51  4:54  Concussive Shells  
  51  5:09  Marine x2  
  53  5:41  Marine x2  
  55  5:49  Marauder  
  57  5:57  Bunker  
  57  6:00  Command Center  
  57  6:01  Supply Depot, Marine  
  55  6:20  Siege Tank  
  55  6:23  Supply Depot  
  56  6:29  Marine x2  
  58  6:35  Liberator  
  61  6:54  Marine x3  
  35  7:26  Orbital Command  
  35  7:33  Marine x3  
  38  7:39  Liberator  
  41  7:48  Siege Tank  
  44  8:03  Marine  
  44  8:04  Marine  
  46  8:07  SCV  
  47  8:19  SCV  
  45  8:32  SCV  
  46  8:36  Marine x2  
  48  8:41  Starport Reactor  
  48  8:43  Siege Tank  
  48  8:44  SCV  
  48  8:45  Marauder  
  54  8:54  SCV  
  55  8:56  SCV  
  55  8:59  Marine x2  
  55  9:00  Refinery  
  60  9:10  Marauder  
  60  9:15  Siege Tank  
  63  9:28  Engineering Bay  
  63  9:31  Engineering Bay  
  63  9:33  Stimpack, Marauder  
  63  9:35  Medivac x2  
  69  9:47  Siege Tank  
  72  10:05  Viking, SCV x2  
  76  10:11  Factory  
  76  10:14  Command Center  
  76  10:17  SCV  
  76  10:19  Siege Tank  
  80  10:33  Marine x2  
  82  10:50  SCV x2  
  82  10:55  Sensor Tower  
  84  11:02  SCV  
  79  11:42  Factory Tech Lab  
  79  11:55  Marine x3  
  79  11:56  Siege Tank  
  85  12:01  Terran Infantry Weapons Level 1, Terran Infantry Armor Level 1  
  85  12:07  SCV x2  
  87  12:12  Marine  
  87  12:14  Marauder, Marine  
  91  12:16  Siege Tank  
  91  12:17  Viking  
  91  12:18  Viking  
  91  12:19  SCV x2  
  100  12:28  Siege Tank  
  101  12:30  Marine  
  73  12:48  Siege Tank  
  71  12:56  Marine x2  
  71  12:57  Marine  
  65  13:07  Barracks  
  65  13:10  Barracks  
  65  13:14  Marine x3  
  65  13:18  Viking  
  65  13:19  Viking  
  72  13:22  Cyclone x2  
  78  13:32  Marine  
  79  13:45  Marine x2  
  79  13:46  Command Center  
  81  13:54  Cyclone  
  81  13:55  Viking  
  86  14:22  Marine x3  
  83  14:32  Siege Tank x2  
  74  14:39  Marine  
  74  14:40  Marine x2  
  74  14:43  Viking  
  64  14:57  Marine x2  
  64  14:58  Marine  
  64  15:07  Refinery  
  64  15:10  Missile Turret  
  64  15:13  Missile Turret  
  64  15:14  Missile Turret  
  64  15:15  Marine x3  
  67  15:25  Orbital Command  
  67  15:29  Planetary Fortress  
  67  15:32  Missile Turret  
  67  15:33  Marine  
  68  15:36  Barracks Reactor x2  
  68  15:54  Marine x3  
  71  15:58  Cyclone  
  74  16:12  Marine x3  
  74  16:14  Marine x3  
  74  16:15  Marine  
  81  16:29  Marine  
  81  16:30  Marine x2  
  81  16:32  Marine x3  
  86  16:33  Marine  
  88  16:47  Marine x2  
  88  16:48  Marine  
Tags
 
Add a new tag
Caveats
  • Supply blocks, unpowered buildings, or Contaminate may cause inaccurate times.
  • Supply counts are checked every 10 seconds.